 Dungeon Crawl Stone Soup version 0.27.0-1-g7a089689b8 (webtiles) character file.

Game seed: 9183818082541076673

10905 Conn the Arsonist (level 11, -1/55 HPs)
             Began as a Deep Elf Fire Elementalist on Aug 7, 2021.
             Was an Elder of Sif Muna.
             Slain by an unseen horror (8 damage)
             ... on level 11 of the Dungeon.
             The game lasted 00:44:43 (14334 turns).

Conn the Arsonist (Deep Elf Fire Elementalist)     Turns: 14334, Time: 00:44:43

Health: -1/55      AC:  5    Str:  5    XL:     11   Next: 42%
Magic:  2/25       EV: 14    Int: 27    God:    Sif Muna [****..]
Gold:   676        SH:  0    Dex: 17    Spells: 3/31 levels left

rFire    . . .     SeeInvis .   p - staff of poison
rCold    . . .     Faith    .   (no shield)
rNeg     . . .     Spirit   .   a - +0 robe
rPois    +         Reflect  .   z - +1 helmet {Int+3}
rElec    +         Harm     .   (no cloak)
rCorr    .         Rampage  .   (no gloves)
Will     +....                  t - +0 pair of boots
Stlth    +++.......             (no amulet)
HPRegen  0.18/turn              E - ring of wizardry
MPRegen  0.19/turn              L - ring of wizardry

@: marked, very slightly contaminated, invisible
A: agile 1, low mp 1, electricity resistance
a: Renounce Religion, Channel Magic, Forget Spell, Divine Exegesis


You were on level 11 of the Dungeon.
You worshipped Sif Muna.
Sif Muna was greatly pleased with you.
You visited 2 branches of the dungeon, and saw 14 of its levels.

You collected 676 gold pieces.

Inventory:

Hand Weapons
 i - a +1 dagger of protection
Missiles
 f - 4 datura-tipped darts (quivered)
 A - 65 poisoned darts
 N - a throwing net
Armour
 a - a +0 robe (worn)
 t - a +0 pair of boots (worn)
 z - a +1 helmet of intelligence (worn)
Magical Staves
 p - a staff of poison (weapon)
 v - a staff of air
Jewellery
 E - a ring of wizardry (left hand)
 H - a ring of see invisible
 L - a ring of wizardry (right hand)
 O - a ring of poison resistance
Wands
 j - a wand of polymorph (10)
 k - a wand of flame (87)
 n - a wand of acid (6)
 J - a wand of charming (8)
 M - a wand of paralysis (12)
Scrolls
 d - a scroll of enchant weapon {unknown}
 l - 3 scrolls of fear
 m - a scroll of fog
 s - a scroll of summoning {unknown}
 w - a scroll of enchant armour {unknown}
 y - a scroll of teleportation {unknown}
 B - a scroll of magic mapping {unknown}
 I - a scroll of brand weapon {unknown}
 K - a scroll of holy word {unknown}
Potions
 b - 2 potions of brilliance
 c - a potion of flight
 e - 2 potions of curing
 g - a potion of mutation
 h - 5 potions of lignification
 o - a potion of attraction
 q - a potion of berserk rage
 r - a potion of invisibility
 u - a potion of haste
 x - a potion of resistance {unknown}
 C - a potion of degeneration {unknown}
 D - 2 potions of heal wounds
 F - a potion of ambrosia {unknown}


   Skills:
 + Level 0.7 Fighting
 + Level 1.0 Short Blades
 + Level 4.4 Dodging
 + Level 4.9 Stealth
 + Level 0.2 Unarmed Combat
 + Level 10.7 Spellcasting
 * Level 9.5 Conjurations
 + Level 2.3 Hexes
 + Level 3.4 Translocations
 + Level 11.5 Fire Magic
 + Level 3.2 Air Magic
 * Level 6.3 Invocations


You had 3 spell levels left.
You knew the following spells:

 Your Spells              Type           Power      Damage    Failure   Level
a - Foxfire               Conj/Fire      100%       2x1d9     1%          1
b - Conjure Flame         Conj/Fire      64%        6-21      1%          3
c - Inner Flame           Hex/Fire       51%        N/A       1%          3
d - Sticky Flame          Conj/Fire      64%        2d8       1%          4
e - Fireball              Conj/Fire      32%        3d14      1%          5
f - Blink                 Tloc           N/A        N/A       1%          2
g - Airstrike             Air            16%        N/A       3%          4
h - Conjure Ball Lightni  Conj/Air       24%        3x3d7     12%         6

Your spell library contained the following spells:

 Spells                   Type           Power      Damage    Failure   Level
 Corona                   Hex            30%        N/A       1%          1
 Shock                    Conj/Air       100%       1d9       1%          1
 Ensorcelled Hibernation  Hex/Ice        40%        N/A       1%          2
 Static Discharge         Conj/Air       49%        N/A       1%          2
 Dazzling Flash           Conj/Hex       92%        N/A       1%          3
 Gell's Gravitas          Tloc           16%        N/A       1%          3
 Lesser Beckoning         Tloc           16%        N/A       1%          3
 Swiftness                Air            32%        N/A       1%          3
 Teleport Other           Tloc           32%        N/A       1%          3
 Tukima's Dance           Hex            27%        N/A       1%          3
 Iskenderun's Battlesphe  Conj           60%        2d11      1%          5
 Passage of Golubria      Tloc           N/A        N/A       2%          4
 Lightning Bolt           Conj/Air       24%        1d40      2%          5
 Summon Lightning Spire   Summ/Air       23%        N/A       5%          4
 Manifold Assault         Tloc           32%        N/A       7%          5
 Silence                  Hex/Air        14%        N/A       10%         5
 Animate Armour           Summ/Erth      28%        N/A       11%         4
 Yara's Violent Unravell  Hex/Tmut       10%        3d6       17%         5
 Orb of Destruction       Conj           30%        9d11      17%         7
 Iron Shot                Conj/Erth      20%        9d5       22%         6
 Agony                    Necr           14%        N/A       28%         5
 Blade Hands              Tmut           7%         N/A       28%         5
 Dispersal                Tloc           16%        N/A       36%         6
 Maxwell's Capacitive Co  Air            16%        ∞         100%        8


Dungeon Overview and Level Annotations

Branches:
Dungeon (13/15)            Temple (1/1) D:4            Lair (0/6) D:8
    Orc (0/2) D:9
 Vaults: D:13-14

Altars:
Ashenzari
Cheibriados
Dithmenos
Elyvilon
Fedhas
Gozag
Hepliaklqana
Kikubaaqudgha
Makhleb
Nemelex Xobeh
Okawaru
Qazlal
Ru
Sif Muna
Trog
Uskayaw
Vehumet
Wu Jian
Xom
Yredelemnul
Zin
The Shining One

Shops:
D:6 ?   D:9 *


Innate Abilities, Weirdness & Mutations

You are agile. (Dex +2)
Your magical capacity is low. (-10% MP)
You are resistant to electric shocks. (rElec)


Message History

The killer bee is heavily wounded.
The killer bee is covered in liquid flames!
The killer bee burns!
The killer bee stings you.
A yak comes into view.
The killer bee stings you!
The centaur shoots an arrow.
The arrow hits the gnoll.
Casting: Sticky Flame (safe; 1% risk of failure)
Confirm with . or Enter, or press ? or * to list all spells.
Okay, then.
Aiming: Corrosive Bolt
Press: ? - help, Shift-Dir - straight line, f - centaur, p - killer bee
Aim: a centaur, wielding a +0 shortbow and quivering arrows (83% to hit)
The bolt of acid hits the killer bee!
The killer bee is splashed with acid!
You kill the killer bee!
Sif Muna accepts your kill.
The bolt of acid hits the gnoll!
The gnoll is splashed with acid.
You kill the gnoll!
Sif Muna accepts your kill.
The bolt of acid hits the gnoll!
The gnoll is splashed with acid!
The acid corrodes the gnoll!
You kill the gnoll!
Sif Muna accepts your kill.
You can now call upon Sif Muna to cast any spell from your library.
The bolt of acid hits the centaur!
The centaur is splashed with acid.
The acid corrodes the centaur!
The centaur is almost dead.
The centaur shoots an arrow.
The arrow barely misses you.
The orc warrior throws a boomerang.
The boomerang hits you!
The centaur shoots an arrow.
The arrow misses you.
Casting: Sticky Flame (safe; 1% risk of failure)
Confirm with . or Enter, or press ? or * to list all spells.
Aiming: Fireball (dangerous; 1% risk of failure)
Press: ? - help, Shift-Dir - straight line, p - centaur The fireball explodes!
The fireball engulfs something!
The fireball engulfs you!
* * * LOW HITPOINT WARNING * * *
Something barely misses you.
A centaur comes into view.
Something hits you!
You die...

#............
#...........
##.......≈≈≈
........≈≈.
....≈≈≈≈≈.
...≈≈....
.≈≈≈...o#####
.≈..cY..))†@#
..≈≈.cc.#####
...≈≈≈...
...≈≈.≈..≈
....≈≈§§≈≈≈
....≈§§§≈≈≈.
###..≈≈≈≈≈≈..
#..≈≈≈≈co..'


You could see a yak, an orc warrior and 3 centaurs.

Vanquished Creatures
  A hydra (D:12)
  2 two-headed ogres
  2 tengu warriors (D:9)
  3 centaur zombies
  2 kobold demonologists (D:11)
  A troll (D:9)
  4 hornets
  3 shadows
  2 yaks (D:9)
  4 vampire mosquitoes
  Menkaure (D:7)
  A two-headed ogre zombie (D:9)
  An acid dragon (D:11)
  3 orc warriors
  A hornet zombie (D:9)
  2 ice beasts
  A sky beast (D:3)
  A black bear (D:4)
  An ogre (D:5)
  2 centaurs (D:10)
  6 kobold brigands
  A gnoll sergeant (D:10)
  A bullfrog (D:8)
  3 scorpions
  3 water moccasin skeletons
  A troll zombie (D:9)
  7 killer bees (D:11)
  5 howler monkeys
  3 electric eels
  A bullfrog zombie (D:7)
  4 orc priests
  4 hounds
  3 jellies
  A centaur skeleton (D:7)
  3 gnoll shamans
  3 iguanas
  10 orc wizards
  A killer bee zombie (D:5)
  6 ogre zombies (D:9)
  A hound skeleton (D:4)
  28 gnolls
  10 adders
  2 shadow imps
  3 white imps
  An ufetubus (D:7)
  2 dart slugs (D:1)
  20 orcs
  8 ball pythons
  7 bats
  3 endoplasms
  2 giant cockroaches
  4 goblins
  7 hobgoblins
  17 jackals
  4 quokkas
  A frilled lizard (D:1)
  4 goblin zombies (D:9)
  A hobgoblin skeleton (D:9)
  4 hobgoblin zombies (D:9)
  24 kobolds
  4 orc skeletons (D:9)
  12 orc zombies (D:9)
  3 rats
276 creatures vanquished.

Vanquished Creatures (collateral kills)
  4 yaks (D:9)
  An orc warrior (D:9)
  3 orcs (D:9)
  7 foxfires (D:3)
15 creatures vanquished.

Vanquished Creatures (others)
  A kobold (D:12)
  6 ball lightnings (D:12)
  1050 foxfires
  4 plants
1061 creatures vanquished.

Grand Total: 1352 creatures vanquished

Notes
Turn   | Place    | Note
-------+----------+-------------------------------------------
     0 | D:1      | Conn the Deep Elf Fire Elementalist began the quest for the
                  | Orb.
     0 | D:1      | Reached XP level 1. HP: 10/10 MP: 6/6
   308 | D:1      | Reached XP level 2. HP: 15/15 MP: 5/8
   775 | D:1      | Found a faded altar of an unknown god.
   922 | D:1      | Reached XP level 3. HP: 19/19 MP: 8/10
  1132 | D:1      | Learned a level 3 spell: Conjure Flame
  1136 | D:1      | Learned a level 3 spell: Inner Flame
  1165 | D:2      | You fall into a shaft and drop 2 floors!
  1212 | D:3      | Found a transporter.
  1226 | D:3      | Noticed a sky beast
  1241 | D:3      | Killed a sky beast
  1242 | D:3      | Reached skill level 4 in Fire Magic
  1242 | D:3      | Reached XP level 4. HP: 11/24 MP: 1/12
  1385 | D:3      | Reached XP level 5. HP: 13/28 MP: 6/13
  1591 | D:3      | Found a transporter.
  2414 | D:2      | Reached skill level 5 in Fire Magic
  2616 | D:2      | Learned a level 4 spell: Sticky Flame
  2955 | D:3      | Reached XP level 6. HP: 32/32 MP: 9/14
  3514 | D:3      | Gained mutation: You are resistant to electric shocks.
                  | (rElec) [potion of mutation]
  3514 | D:3      | Gained mutation: You are agile. (Dex +2) [potion of
                  | mutation]
  3514 | D:3      | Gained mutation: Your magical capacity is low. (-10% MP)
                  | [potion of mutation]
  3519 | D:3      | Reached skill level 5 in Spellcasting
  3795 | D:4      | Reached skill level 6 in Fire Magic
  4007 | D:4      | Reached XP level 7. HP: 28/36 MP: 9/15
  4184 | D:4      | Found a staircase to the Ecumenical Temple.
  4195 | Temple   | Entered the Ecumenical Temple
  4379 | Temple   | Became a worshipper of Sif Muna the Loreminder
  4658 | D:5      | Entered Level 5 of the Dungeon
  5061 | D:5      | Found a shimmering altar of Xom.
  5264 | D:5      | Learned a level 2 spell: Blink
  5647 | D:6      | Found Sapis's Magic Scroll Boutique.
  5719 | D:6      | Reached skill level 5 in Conjurations
  5719 | D:6      | Reached skill level 7 in Fire Magic
  6108 | D:6      | Reached XP level 8. HP: 41/41 MP: 11/16
  6237 | D:6      | Reached * piety under Sif Muna
  6485 | D:6      | Noticed a hornet
  6492 | D:6      | Killed a hornet
  6493 | D:6      | Reached skill level 1 in Translocations
  6493 | D:6      | Reached skill level 1 in Invocations
  6599 | D:6      | Found a bloodstained altar of Trog.
  6611 | D:6      | Reached skill level 8 in Fire Magic
  7190 | D:7      | Reached XP level 9. HP: 46/46 MP: 10/19
  7670 | D:7      | Noticed Menkaure
  7673 | D:7      | Killed Menkaure
  7680 | D:7      | Learned a level 5 spell: Fireball
  7984 | D:7      | Reached ** piety under Sif Muna
  8687 | D:8      | Reached skill level 9 in Fire Magic
  9133 | D:8      | Learned a level 4 spell: Airstrike
  9246 | D:8      | Found a hazy altar of Hepliaklqana.
  9372 | D:8      | Noticed a two-headed ogre
  9405 | D:8      | Killed a two-headed ogre
  9406 | D:8      | Reached skill level 1 in Hexes
  9406 | D:8      | Reached skill level 1 in Air Magic
  9540 | D:8      | Found a staircase to the Lair.
  9640 | D:8      | Found an ancient bone altar of Kikubaaqudgha.
  9659 | D:8      | Found a shadowy altar of Dithmenos.
  9797 | D:8      | Found a white marble altar of Elyvilon.
  9895 | D:9      | Reached XP level 10. HP: 33/51 MP: 13/22
 10066 | D:9      | Reached skill level 10 in Fire Magic
 10241 | D:9      | Noticed a tengu warrior
 10243 | D:9      | Killed a tengu warrior
 10243 | D:9      | Noticed a tengu warrior
 10272 | D:9      | Killed a tengu warrior
 10273 | D:9      | Reached skill level 5 in Invocations
 10328 | D:9      | Reached skill level 11 in Fire Magic
 10481 | D:9      | Reached *** piety under Sif Muna
 10874 | D:9      | Found a staircase to the Orcish Mines.
 11279 | D:9      | Found a broken altar of Ashenzari.
 11289 | D:9      | Found an ornate altar of the Wu Jian Council.
 11316 | D:9      | Noticed a two-headed ogre
 11324 | D:9      | Killed a two-headed ogre
 11325 | D:9      | Reached skill level 1 in Short Blades
 11409 | D:9      | Found Jepniudd's General Store.
 11595 | D:10     | Entered Level 10 of the Dungeon
 11665 | D:10     | Reached skill level 10 in Spellcasting
 11665 | D:10     | Reached XP level 11. HP: 52/55 MP: 17/24
 11921 | D:10     | Learned a level 6 spell: Conjure Ball Lightning
 11949 | D:10     | Reached **** piety under Sif Muna
 12992 | D:12     | Noticed a boulder beetle
 13001 | D:12     | HP: 1/55 [vampire mosquito (5)]
 13019 | D:12     | Noticed a five-headed hydra
 13428 | D:12     | Killed a five-headed hydra
 14311 | D:11     | Noticed a green ugly thing
 14334 | D:11     | Slain by an unseen horror

Illustrated notes

Levels and vault maps discovered:
D:1:      amcnicky_arrival_feature_with_door, layout_loops_ring,
          chequers_ecumenical_altar_grove, serial_bayou_lagoon_b
D:2:      layout_loops_ring
D:3:      gammafunk_steamed_eel, layout_rooms, serial_bayou_crossing
D:4:      layout_basic, minmay_temple_entry_poolview
D:5:      layout_basic, lemuel_doored_altar, serial_bayou_pond_e,
          minmay_liquid_box
D:6:      layout_loops_cross, mainiacjoe_overflow_surrounded_room, serial_shops,
          nicolae_stop_n_shop_1, minmay_circle_x
D:7:      layout_loops_ring, kennysheep_another_room, nicolae_sextant,
          uniq_menkaure
D:8:      layout_loops_ring, nicolae_overflow_quartered_altars,
          lair_entry_dummy, minmay_tree_intersection
D:9:      layout_roguey, mainiacjoe_overflow_big_doors, zombieorc2_lemuel,
          serial_shops, nicolae_diamond_shop
D:10:     layout_stronghold
D:11:     fort_yaktaur, layout_layer_cave, grunt_tough_drop
D:12:     layout_basic, fedhas_altar_4
D:13:     layout_basic, david_vaults_2
Temple:   dpeg_chambers_temple

Skill      XL: |  1  2  3  4  5  6  7  8  9 10 11 |
---------------+----------------------------------+-----
Dodging        | 3 4 |  4.4
Stealth        | 3 4 |  4.9
Spellcasting   | 4 5 7 8 10 | 10.7
Conjurations   | 2 3 5 6 7 9 |  9.5
Fire Magic     | 4 5 6 7 8 9 11 | 11.5
Translocations | 2 3 |  3.4
Invocations    | 2 4 5 6 |  6.3
Hexes          | 1 2 |  2.3
Air Magic      | 1 3 |  3.2
Short Blades   | 1 |  1.0
Fighting       | |  0.7
Unarmed Combat | |  0.2

Action                   |  1- 3 |  4- 6 |  7- 9 | 10-12 || total
-------------------------+-------+-------+-------+-------++-------
Melee: Unarmed           |    12 |     9 |       |       ||    21
       Dagger            |       |     4 |    17 |    64 ||    85
Throw: Dart              |       |     1 |       |       ||     1
 Cast: Foxfire           |    48 |   127 |   288 |   177 ||   640
       Inner Flame       |       |     2 |     6 |     4 ||    12
       Sticky Flame      |       |     1 |     8 |    31 ||    40
       Conjure Flame     |       |       |     9 |     4 ||    13
       Airstrike         |       |       |     1 |     4 ||     5
       Fireball          |       |       |       |    26 ||    26
       Blink             |       |       |       |    10 ||    10
       Conjure Ball Ligh |       |       |       |     2 ||     2
Invok: Channel Magic     |       |       |       |     5 ||     5
Evoke: Wand              |       |       |     1 |     4 ||     5
  Use: Potion            |       |     3 |     2 |     7 ||    12
       Scroll            |       |     1 |     5 |     5 ||    11
 Stab: Sleeping          |       |     1 |     3 |     2 ||     6
Armor: Robe              |     4 |     3 |    14 |    30 ||    51
Dodge: Dodged            |    14 |    36 |    29 |    99 ||   178
